 Dungeon Crawl Stone Soup version 0.28-a0-1624-g820543e53a (webtiles) character file.

Game seed: 16357793659324546979

76 horus123 the Cudgeller (level 4, -7/35 HPs)
             Began as a Human Monk on Jan 24, 2022.
             Was a Believer of Qazlal.
             Killed by divine providence
             ... invoked by an orc priest
              (16 damage)
             ... on level 4 of the Dungeon.
             The game lasted 00:04:53 (3170 turns).

horus123 the Cudgeller (Human Monk)                 Turns: 3170, Time: 00:04:54

Health: -7/35      AC:  2    Str: 13    XL:     4   Next: 57%
Magic:  7/7        EV: 13    Int: 10    God:    Qazlal [**....]
Gold:   133        SH:  2    Dex: 16    Spells: 6/7 levels left

rFire   . . .      SeeInvis .   i - +0 flail
rCold   . . .      Faith    .   (no shield)
rNeg    . . .      Spirit   .   b - +0 robe
rPois   .          Reflect  .   (no helmet)
rElec   .          Harm     .   (no cloak)
rCorr   .          Rampage  .   (no gloves)
Will    .....                   (no boots)
Stlth   ++........              (no amulet)
HPRegen 0.11/turn               (no ring)
MPRegen 0.10/turn               (no ring)

@: no status effects
A: no striking features
a: Renounce Religion, Upheaval


You were on level 4 of the Dungeon.
You worshipped Qazlal.
Qazlal was pleased with you.
You visited 1 branch of the dungeon, and saw 4 of its levels.

You collected 133 gold pieces.

Inventory:

Hand Weapons
 a - a +0 mace
 i - a +0 flail (weapon)
Armour
 b - a +0 robe (worn)
Jewellery
 j - a ring of see invisible
 k - an amulet of regeneration
Scrolls
 l - a scroll of fear
Potions
 c - a potion of might
 d - a potion of lignification
 e - a potion of curing
 f - a potion of flight {unknown}
 g - a potion of magic {unknown}
 h - a potion of heal wounds {unknown}


   Skills:
 - Level 3.0 Fighting
 - Level 4.1 Maces & Flails
 - Level 3.0 Dodging
 - Level 2.0 Stealth
 - Level 2.0 Spellcasting
 + Level 0.9 Ice Magic


You had 6 spell levels left.
You knew the following spells:

 Your Spells              Type           Power      Damage    Failure   Level
a - Freeze                Ice            8%         1d3       22%         1

Your spell library contained the following spells:

 Spells                   Type           Power      Damage    Failure   Level
 Frozen Ramparts          Ice            4%         1d2       54%         3
 Hailstorm                Conj/Ice       1%         3d3       95%         4


Dungeon Overview and Level Annotations

Branches:
Dungeon (4/15)
 Temple: D:4-7

Altars:
Cheibriados
Makhleb
Qazlal
Zin

Shops:
D:2 =   D:3 *


Message History

The orc hits you with a +0 club.
You closely miss the orc.
The orc is heavily wounded.
The orc priest casts a cantrip, but nothing happens.
The orc hits you with a +0 club.
The orc priest begins to cast a cantrip, but forgets the words!
You hit the orc.
You kill the orc!
Qazlal accepts your kill.
The orc priest looks encouraged for a moment.
You hit the orc priest but do no damage.
The orc priest hits you with a +0 short sword.
You hit the orc priest but do no damage.
The orc priest hits you with a +0 short sword.
You hit the orc priest but do no damage.
The orc priest invokes the aid of Beogh against you.
Beogh smites you!
The orc priest hits you with a +0 short sword.
* * * LOW HITPOINT WARNING * * *
You are too injured to fight recklessly!
It was a potion of curing.
You feel better.
The orc priest hits you with a +0 short sword.
You feel better. The orc priest closely misses you.
You hit the orc priest but do no damage.
The orc priest hits you with a +0 short sword!
You closely miss the orc priest.
The orc priest miscasts a cantrip.
The orc priest closely misses you.
You closely miss the orc priest.
The orc priest invokes the aid of Beogh against you.
Beogh smites you!
* * * LOW HITPOINT WARNING * * *
The orc priest hits you with a +0 short sword.
* * * LOW HITPOINT WARNING * * *
You hit the orc priest but do no damage.
The orc priest barely misses you.
You feel better.
The orc priest mumbles some strange prayers to Beogh against you.
Beogh smites you!
You die...

##.....## ##...##
#.# #+# #.# #.#
#.# #.### #.#
##.#.##### ...
###........# #o#
.#.......#.# #o#
..#........# #@#
...........#####.#
...............(.#
####.....#.#######
#....##.#
#.......#
#########


You could see 2 orc priests.

Vanquished Creatures
  An adder (D:3)
  2 dart slugs
  2 orcs (D:4)
  5 bats
  7 endoplasms
  2 giant cockroaches (D:1)
  8 hobgoblins
  2 jackals
  A quokka (D:3)
  8 ball pythons
  3 frilled lizards
  4 goblins (D:1)
  5 kobolds
  7 rats
57 creatures vanquished.

Notes
Turn   | Place    | Note
-------+----------+-------------------------------------------
     0 | D:1      | horus123 the Human Monk began the quest for the Orb.
     0 | D:1      | Reached XP level 1. HP: 18/18 MP: 1/1
   211 | D:1      | Reached XP level 2. HP: 21/24 MP: 2/2
   474 | D:1      | Reached skill level 4 in Maces & Flails
   474 | D:1      | Reached XP level 3. HP: 21/29 MP: 3/3
   760 | D:1      | Learned a level 1 spell: Freeze
   786 | D:1      | Found a faded altar of an unknown god.
   942 | D:1      | Reached skill level 1 in Spellcasting
  1794 | D:2      | Found Optig's Jewellery Emporium.
  1823 | D:2      | Found a burning altar of Makhleb.
  1996 | D:3      | Found Zin's Purification Station.
  1996 | D:3      | Found a glowing silver altar of Zin.
  2031 | D:3      | Reached XP level 4. HP: 35/35 MP: 6/6
  2096 | D:3      | Found a stormy altar of Qazlal.
  2143 | D:3      | Became a worshipper of Qazlal Stormbringer
  2143 | D:3      | Reached * piety under Qazlal
  2143 | D:3      | Reached ** piety under Qazlal
  3122 | D:4      | Found a snail-covered altar of Cheibriados.
  3170 | D:4      | Killed from afar by an orc priest

Illustrated notes

Levels and vault maps discovered:
D:1:      lightli_arrival_chessboard, layout_basic,
          hellmonk_ecumenical_altar_pennies_from_heaven, chequers_arboretum,
          kennysheep_minor_cross, st_stairs_2
D:2:      layout_loops_ring, serial_shops, shop, basic_altar
D:3:      layout_rooms, nicolae_qazlal_eye_of_the_storm, zin_purify,
          serial_forest, infiniplex_forest_end_2, infiniplex_forest_lined_3,
          infiniplex_forest_lined_3, infiniplex_forest_end_2
D:4:      layout_loops_corners, nicolae_ru_the_path_less_chosen,
          cheibriados_altar_1, minmay_temple_entry_arrows, minmay_ogre_servants,
          uniq_grinder

Skill      XL: |  1  2  3  4 |
---------------+-------------+-----
Maces & Flails | 4 |  4.1
Spellcasting   | 1 2 |  2.0
Fighting       | |  3.0
Dodging        | |  3.0
Stealth        | |  2.0
Ice Magic      | |  0.9

Action                   |  1- 3 |  4- 6 || total
-------------------------+-------+-------++-------
Melee: Mace              |   115 |    12 ||   127
       Flail             |       |    38 ||    38
       Punch             |       |     1 ||     1
  Use: Scroll            |     5 |       ||     5
       Potion            |       |     3 ||     3
 Stab: Sleeping          |     3 |       ||     3
Armor: Robe              |    18 |     8 ||    26
Dodge: Dodged            |    81 |    26 ||   107
Block: Other             |       |     4 ||     4

Table legend: (Time is in decaauts)
 A = Elapsed time spent in this place.
 B = Non-inter-level travel time spent in this place.
 C = Inter-level travel time spent in this place.
 D = Time resting spent in this place.
 E = Time spent auto-exploring this place.
 F = Levels seen in this place.
 G = Mean time per level.
                   A        B        C        D        E       F      G
               +--------+--------+--------+--------+--------+-----+--------+
         Total |   3204 |   3142 |     62 |    228 |   2384 |   4 |  801.0 |
       Dungeon |   3204 |   3142 |     62 |    228 |   2384 |   4 |  801.0 |
               +--------+--------+--------+--------+--------+-----+--------+

Top non-repeatable levels by time:
     D:1: 1366 daAuts
     D:3: 913 daAuts
     D:2: 622 daAuts
     D:4: 302 daAuts
